 Dungeon Crawl Stone Soup version 0.20.1-1-g8b1a95d66d (webtiles) character file.

80 Ivernyr the Ogre Mage (level 4, -5/42 HPs)
             Began as an Ogre Wizard on Dec 3, 2017.
             Killed from afar by an orc wizard (11 damage)
             ... with a puff of frost
             ... on level 2 of the Dungeon on Dec 4, 2017.
             The game lasted 00:14:52 (2346 turns).

Ivernyr the Ogre Mage (Ogre Wizard)                 Turns: 2346, Time: 00:14:53

Health: -5/42      AC:  3    Str: 11    XL:     4   Next: 39%
Magic:  2/10       EV: 10    Int: 20    God:
Gold:   81         SH:  0    Dex:  7    Spells: 3/12 levels left

rFire    . . .     SeeInvis .   (no weapon)
rCold    . . .     Gourm    .   (no shield)
rNeg     . . .     Faith    .   a - +0 robe
rPois    .         Spirit   .   b - +0 hat
rElec    .         Reflect  .   (no cloak)
rCorr    .         Harm     .   (gloves unavailable)
MR       .....                  (boots unavailable)
Stlth    +.........             (no amulet)
Regen    0.2/turn               (no ring)
MPRegen  0.2/turn               (no ring)

@: no status effects
A: unfitting armour, tough skin 1
a: no special abilities


You were on level 2 of the Dungeon.
You were not hungry.

You visited 1 branch of the dungeon, and saw 2 of its levels.

You collected 81 gold pieces.

Inventory:

Armour
 a - a +0 robe (worn)
 b - a +0 hat (worn)
Scrolls
 e - 4 scrolls of identify {unknown}
 h - a scroll of teleportation {unknown}
 j - a scroll of enchant weapon {unknown}
 n - a scroll of magic mapping {unknown}
 o - a scroll of fog {unknown}
 p - a scroll of random uselessness {unknown}
Potions
 f - a potion of resistance {unknown}
 g - 2 potions of mutation {unknown}
 k - 2 potions of curing {unknown}
 l - 3 potions of flight {unknown}
 q - a potion of might {unknown}
 r - 2 potions of agility {unknown}
 s - 2 potions of heal wounds {unknown}
Books
 c - a book of Minor Magic

   Spells                             Type                      Level
   a - Magic Dart                     Conjuration                  1
   b - Blink                          Translocation                2
   c - Call Imp                       Summoning                    2
   d - Slow                           Hexes                        2
   e - Conjure Flame                  Conjuration/Fire             3
   f - Mephitic Cloud                 Conjuration/Poison/Air       3
Comestibles
 d - a bread ration
 i - 5 fruits
 m - a royal jelly


   Skills:
 + Level 2.0 Fighting
 - Level 2.0 Dodging
 - Level 1.4 Stealth
 * Level 4.7 Spellcasting
 + Level 2.1 Conjurations
   Level 0.8 Summonings
 - Level 0.8 Translocations


You had 3 spell levels left.
You knew the following spells:

 Your Spells              Type           Power        Failure   Level  Hunger
a - Magic Dart            Conj           ##..         4%          1    None
b - Blink                 Tloc           N/A          13%         2    #......
c - Conjure Flame         Conj/Fire      #.......     24%         3    ##.....
d - Mephitic Cloud        Conj/Pois/Air  #.......     26%         3    ##.....


Dungeon Overview and Level Annotations

Branches:
Dungeon (2/15)

Altars:


Innate Abilities, Weirdness & Mutations

You are too large for most types of armour.
You have tough skin. (AC +1)


Message History

The orc wizard mumbles some strange words.
The orc wizard flickers and vanishes!
Deactivating autopickup; reactivate with Ctrl-A.
Things that are here:
5 tomahawks; a stone Something hits you.
Something hits you but does no damage. Something hits you.
* * * LOW HITPOINT WARNING * * *
You hear some strange, mumbled words.
A puff of frost appears from out of thin air!
The puff of frost misses you.
The orc wizard gestures at you while chanting.
The magic dart hits you!
* * * LOW HITPOINT WARNING * * *
There is a stone staircase leading down here.
You hear some strange, mumbled words.
A puff of frost appears from out of thin air!
The puff of frost hits you!
You die...

################ #######
..........#....# ###......
..........#....# #........
..........#....# #......
.#.............# #...#
.#..........######...######
.'..........'...@>........#
.#..........#####.##...##.##
.#..........# #.##..o##..#
.#..........#####.##.......#
##.....................###(# #
...................###.###.#.#
...#.....###.......##..#.#.#.###.
...#.....# ........#......).....
####.....# #######.#.......#####


There were no monsters in sight!

Vanquished Creatures
  3 adders (D:2)
  2 worms
  A dart slug (D:1)
  2 orcs (D:2)
  2 ball pythons (D:1)
  A bat (D:1)
  2 giant cockroaches (D:1)
  3 goblins (D:1)
  5 hobgoblins
  6 jackals
  5 frilled lizards
  8 kobolds
  2 rats (D:2)
42 creatures vanquished.

Notes
Turn   | Place    | Note
-------+----------+-------------------------------------------
     0 | D:1      | Ivernyr the Ogre Wizard began the quest for the Orb.
     0 | D:1      | Reached XP level 1. HP: 16/16 MP: 5/5
    60 | D:1      | Reached skill level 1 in Conjurations
   256 | D:1      | Reached XP level 2. HP: 24/24 MP: 2/6
   382 | D:1      | Learned a level 2 spell: Blink
   440 | D:1      | Reached skill level 4 in Spellcasting
   912 | D:1      | Reached skill level 1 in Fighting
   920 | D:1      | Reached XP level 3. HP: 32/33 MP: 1/8
  1411 | D:2      | Learned a level 3 spell: Conjure Flame
  1415 | D:2      | Learned a level 3 spell: Mephitic Cloud
  1751 | D:2      | Reached XP level 4. HP: 40/42 MP: 1/10
  2346 | D:2      | Killed from afar by an orc wizard

Skill      XL: |  1  2  3  4 |
---------------+-------------+-----
Conjurations   | 1 2 |  2.1
Dodging        | 2 |  2.0
Spellcasting   | 4 |  4.7
Fighting       | 1 2 |  2.0
Stealth        | |  1.4
Summonings     | |  0.8
Translocations | |  0.8

Action                   |  1- 3 |  4- 6 || total
-------------------------+-------+-------++-------
Melee: Unarmed           |    28 |     7 ||    35
 Cast: Magic Dart        |    89 |    37 ||   126
       Conjure Flame     |     2 |       ||     2
  Eat: Chunk             |     3 |     1 ||     4
Armor: Robe              |    16 |     1 ||    17
Dodge: Dodged            |    39 |    18 ||    57
